 Dungeon Crawl Stone Soup version 0.23-a0-643-g9ccc95a (webtiles) character file.

518 rgaf the Caller (level 7, 0/50 HPs)
             Began as a Gnoll Summoner on Dec 31, 2018.
             Was a Follower of Sif Muna.
             Slain by a crimson imp (1 damage)
             ... on level 5 of the Dungeon.
             The game lasted 00:06:03 (6283 turns).

rgaf the Caller (Gnoll Summoner)                    Turns: 6283, Time: 00:06:04

Health: 0/50       AC:  3    Str: 11    XL:     7   Next: 21%
Magic:  5/15       EV: 15    Int: 19    God:    Sif Muna [*.....]
Gold:   319        SH:  0    Dex: 15    Spells: 7/17 levels left

rFire    . . .     SeeInvis .   b - +3 dagger (venom)
rCold    . . .     Gourm    .   (no shield)
rNeg     . . .     Faith    .   a - +0 robe
rPois    .         Spirit   .   (no helmet)
rElec    .         Reflect  .   t - +0 cloak
rCorr    .         Harm     .   (no gloves)
MR       .....                  (no boots)
Stlth    +++.......             (no amulet)
HPRegen  0.16/turn              (no ring)
MPRegen  0.14/turn              (no ring)

@: no status effects
A: distributed training, fangs 1, strong nose
a: Divine Energy, Renounce Religion


You were on level 5 of the Dungeon.
You worshipped Sif Muna.
Sif Muna was aware of your devotion.
You were hungry.

You visited 1 branch of the dungeon, and saw 5 of its levels.

You collected 319 gold pieces.

Inventory:

Hand Weapons
 b - a +3 dagger of venom (weapon)
Missiles
 u - a throwing net (quivered)
Armour
 a - a +0 robe (worn)
 t - a +0 cloak (worn)
Jewellery
 n - a +3 ring of evasion {unknown}
Wands
 j - a wand of flame (35)
Scrolls
 e - 3 scrolls of identify {unknown}
 f - a scroll of amnesia {unknown}
 m - a scroll of enchant weapon {unknown}
 o - 3 scrolls of remove curse {unknown}
 p - 3 scrolls of teleportation {unknown}
Potions
 d - a potion of cancellation {unknown}
 g - 3 potions of curing {unknown}
 h - 2 potions of ambrosia {unknown}
 i - 2 potions of might {unknown}
 k - a potion of brilliance {unknown}
 l - 2 potions of flight {unknown}
 q - a potion of heal wounds {unknown}
 r - a potion of lignification {unknown}
 s - a potion of degeneration {unknown}
 v - a potion of mutation {unknown}
Comestibles
 c - 7 rations
 w - 3 chunks of flesh


   Skills:
 + Level 2.3 Fighting
 + Level 2.3 Short Blades
 + Level 2.3 Long Blades
 + Level 2.3 Axes
 + Level 2.3 Maces & Flails
 + Level 2.3 Polearms
 + Level 2.3 Staves
 + Level 2.3 Slings
 + Level 2.3 Bows
 + Level 2.3 Crossbows
 + Level 2.3 Throwing
 + Level 2.3 Armour
 + Level 5.1 Dodging
 + Level 4.8 Stealth
 + Level 2.3 Shields
 + Level 2.3 Unarmed Combat
 + Level 5.5 Spellcasting
 + Level 1.8 Conjurations
 + Level 1.8 Hexes
 + Level 1.8 Charms
 + Level 7.3 Summonings
 + Level 1.8 Necromancy
 + Level 1.8 Translocations
 + Level 1.8 Transmutations
 + Level 1.8 Fire Magic
 + Level 1.8 Ice Magic
 + Level 1.8 Air Magic
 + Level 1.8 Earth Magic
 + Level 1.8 Poison Magic
 + Level 2.5 Invocations
 + Level 2.3 Evocations


You had 7 spell levels left.
You knew the following spells:

 Your Spells              Type           Power        Failure   Level  Hunger
a - Summon Small Mammal   Summ           ####         1%          1    None
b - Call Imp              Summ           ####....     1%          2    None
c - Call Canine Familiar  Summ           ####....     1%          3    ##.....
d - Summon Lightning Spi  Summ/Air       ###.....     17%         4    ####...

Your spell library contained the following spells:

 Spells                   Type           Power        Failure   Level  Hunger
 Animate Skeleton         Necr           N/A          5%          1    None
 Confusing Touch          Hex            ##....       5%          1    None
 Pain                     Necr           ##..         5%          1    None
 Summon Guardian Golem    Hex/Summ       ###.....     5%          3    ##.....
 Confuse                  Hex            ##......     16%         3    ##.....
 Gell's Gravitas          Tloc           ##........   16%         3    ##.....
 Regeneration             Chrm/Necr      ##........   16%         3    ##.....
 Vampiric Draining        Necr           ##........   16%         3    ##.....
 Summon Ice Beast         Ice/Summ       ###.....     17%         4    ####...
 Animate Dead             Necr           N/A          47%         4    ####...
 Petrify                  Tmut/Erth      ##......     47%         4    ####...
 Metabolic Englaciation   Hex/Ice        ##........   83%         5    #####..
 Yara's Violent Unravell  Hex/Tmut       ##........   83%         5    #####..


Dungeon Overview and Level Annotations

Branches:
Dungeon (5/15)
 Temple: D:4-7

Altars:
Ashenzari
Fedhas
Okawaru
Sif Muna
Wu Jian
Xom
Yredelemnul
Zin


Innate Abilities, Weirdness & Mutations

Your experience applies equally to all skills.
You have very sharp teeth.
Your uncanny sense of smell can sniff out nearby items.


Message History

Your shadow imp says, "Isn't this more fun with friends?"
The crimson imp blinks!
The wyvern bites you. The wyvern bites you!!
* * * LOW HITPOINT WARNING * * *
The wyvern bites you.
* * * LOW HITPOINT WARNING * * *
Your shadow imp barely misses the wyvern.
You swap places.
Your crimson imp hits the wyvern but does no damage.
The wyvern bites you!
* * * LOW HITPOINT WARNING * * *
Your shadow imp hits the crimson imp.
The wyvern bites your shadow imp!
Your crimson imp blinks!
The crimson imp blinks!
The wyvern hisses menacingly.
The wyvern bites your shadow imp!!
Your shadow imp dies!
The crimson imp hits you.
You die...

#.# #.. #.# #.# #.#
##.## #.# ... #### #.#
#.####....
##.########.#....##
#.................####
#.###.######l.55......
#. #.# #§#@#.#### .#
#.# #............. ∆.#
.#. ##.#.#.#.####. # #
# #..%..[....
#.#.#.#.#.#.#
#.#:........)# #.###
#.#.# #.# .. ..... ..


You could see a wyvern, a crimson imp and a friendly crimson imp.

Vanquished Creatures
  A hound (D:4)
  2 orc wizards (D:4)
  A worker ant (D:5)
  A gnoll (D:4)
  2 adders (D:3)
  A howler monkey skeleton (D:4)
  3 oozes
  A worm (D:3)
  5 leopard geckos
  8 orcs
  A ball python (D:2)
  A giant cockroach (D:4)
  A gnoll zombie (D:2)
  2 hobgoblins (D:2)
  4 jackals (D:3)
  2 kobolds (D:2)
  2 bats
  A frilled lizard (D:4)
  5 goblins
  2 leopard gecko skeletons (D:4)
  5 rats
51 creatures vanquished.

Vanquished Creatures (collateral kills)
  An ice beast (D:5)
  An ogre (D:5)
  A phantom (D:4)
  A howler monkey (D:5)
  4 orc wizards
  Jessica (D:2)
  Terence (D:3)
  An iguana (D:4)
  A hound zombie (D:5)
  2 gnolls (D:4)
  An adder (D:3)
  4 leopard geckos (D:1)
  3 orcs (D:3)
  A giant cockroach (D:1)
  A gnoll zombie (D:2)
  8 goblins
  8 hobgoblins
  4 jackals (D:3)
  2 kobolds (D:1)
  A ball python (D:1)
  7 bats
  2 frilled lizards (D:1)
  2 rats (D:1)
58 creatures vanquished.

Grand Total: 109 creatures vanquished

Notes
Turn   | Place    | Note
-------+----------+-------------------------------------------
     0 | D:1      | rgaf the Gnoll Summoner began the quest for the Orb.
     0 | D:1      | Reached XP level 1. HP: 13/13 MP: 6/6
   415 | D:1      | Reached XP level 2. HP: 14/19 MP: 5/7
   501 | D:1      | Learned a level 2 spell: Call Imp
  1112 | D:1      | Reached XP level 3. HP: 24/25 MP: 3/9
  1363 | D:1      | Reached skill level 5 in Spellcasting
  2307 | D:2      | Reached skill level 1 in Invocations
  2330 | D:2      | Found a deep blue altar of Sif Muna.
  2358 | D:2      | Became a worshipper of Sif Muna the Loreminder
  2464 | D:2      | Noticed Jessica
  2477 | D:2      | Killed Jessica
  2477 | D:2      | Reached skill level 1 in Fighting
  2477 | D:2      | Reached skill level 1 in Short Blades
  2477 | D:2      | Reached skill level 1 in Long Blades
  2477 | D:2      | Reached skill level 1 in Axes
  2477 | D:2      | Reached skill level 1 in Maces & Flails
  2477 | D:2      | Reached skill level 1 in Polearms
  2477 | D:2      | Reached skill level 1 in Staves
  2477 | D:2      | Reached skill level 1 in Slings
  2477 | D:2      | Reached skill level 1 in Bows
  2477 | D:2      | Reached skill level 1 in Crossbows
  2477 | D:2      | Reached skill level 1 in Throwing
  2477 | D:2      | Reached skill level 1 in Armour
  2477 | D:2      | Reached skill level 1 in Shields
  2477 | D:2      | Reached skill level 1 in Unarmed Combat
  2477 | D:2      | Reached skill level 1 in Evocations
  2632 | D:2      | You fall through a shaft!
  2642 | D:3      | Reached XP level 4. HP: 32/32 MP: 3/11
  2729 | D:3      | Learned a level 3 spell: Call Canine Familiar
  2734 | D:3      | Learned a level 4 spell: Summon Lightning Spire
  2799 | D:3      | Noticed Terence
  2817 | D:3      | Killed Terence
  3051 | D:2      | Found a basalt altar of Yredelemnul.
  3097 | D:3      | Found an ornate altar of the Wu Jian Council.
  3137 | D:3      | Reached skill level 1 in Conjurations
  3137 | D:3      | Reached skill level 1 in Hexes
  3137 | D:3      | Reached skill level 1 in Charms
  3137 | D:3      | Reached skill level 1 in Necromancy
  3137 | D:3      | Reached skill level 1 in Translocations
  3137 | D:3      | Reached skill level 1 in Transmutations
  3137 | D:3      | Reached skill level 1 in Fire Magic
  3137 | D:3      | Reached skill level 1 in Ice Magic
  3137 | D:3      | Reached skill level 1 in Air Magic
  3137 | D:3      | Reached skill level 1 in Earth Magic
  3137 | D:3      | Reached skill level 1 in Poison Magic
  3510 | D:3      | Reached XP level 5. HP: 31/37 MP: 12/12
  4233 | D:4      | Found a shimmering altar of Xom.
  4235 | D:4      | Noticed an angel
  4238 | D:4      | Found a glowing silver altar of Zin.
  4605 | D:3      | Reached * piety under Sif Muna
  4933 | D:4      | Reached XP level 6. HP: 32/44 MP: 9/13
  5204 | D:4      | Noticed a phantom
  5219 | D:4      | Killed a phantom
  5219 | D:4      | Reached skill level 5 in Dodging
  5313 | D:4      | Found a shattered altar of Ashenzari.
  5313 | D:4      | Found an iron altar of Okawaru.
  5596 | D:4      | Found a blossoming altar of Fedhas.
  5798 | D:5      | Entered Level 5 of the Dungeon
  5798 | D:5      | Noticed an ice beast
  5798 | D:5      | Noticed a wyvern
  5991 | D:5      | Reached XP level 7. HP: 45/50 MP: 15/15
  6281 | D:5      | HP: 1/50 [wyvern (7)]
  6283 | D:5      | Slain by a crimson imp

Vault maps used:
D:1:      beargit_arrival_greenhouse, minmay_tromino_mix6
D:2:      cheibrodos_greedy_goblins, lemuel_zombie_altar_yredelemnul,
          overflow_temple_1_default, uniq_jessica
D:3:      nicolae_overflow_hidden_temple, first_ration, uniq_terence
D:4:      grunt_temple_overflow_order_and_chaos_1,
          gammafunk_temple_overflow_pools, kennysheep_mini,
          chequers_mini_garden, minmay_a_box_with_orc_wizards_in_it
D:5:      kennysheep_mini_moat, serial_shops, shop, st_stairs_9

Skill      XL: |  1  2  3  4  5  6 |
---------------+-------------------+-----
Spellcasting   | 5 |  5.5
Invocations    | 1 2 |  2.5
Fighting       | 1 2 |  2.3
Short Blades   | 1 2 |  2.3
Long Blades    | 1 2 |  2.3
Axes           | 1 2 |  2.3
Maces & Flails | 1 2 |  2.3
Polearms       | 1 2 |  2.3
Staves         | 1 2 |  2.3
Slings         | 1 2 |  2.3
Bows           | 1 2 |  2.3
Crossbows      | 1 2 |  2.3
Throwing       | 1 2 |  2.3
Armour         | 1 2 |  2.3
Shields        | 1 2 |  2.3
Unarmed Combat | 1 2 |  2.3
Evocations     | 1 2 |  2.3
Conjurations   | 1 |  1.8
Hexes          | 1 |  1.8
Charms         | 1 |  1.8
Necromancy     | 1 |  1.8
Translocations | 1 |  1.8
Transmutations | 1 |  1.8
Fire Magic     | 1 |  1.8
Ice Magic      | 1 |  1.8
Air Magic      | 1 |  1.8
Earth Magic    | 1 |  1.8
Poison Magic   | 1 |  1.8
Dodging        | 5 |  5.1
Stealth        | |  4.8
Summonings     | |  7.3

Action                   |  1- 3 |  4- 6 |  7- 9 || total
-------------------------+-------+-------+-------++-------
Melee: Unarmed           |    60 |       |       ||    60
       Bite              |     4 |    14 |       ||    18
       Dagger            |    20 |   116 |     6 ||   142
 Cast: Summon Small Mamm |    13 |       |       ||    13
       Call Imp          |    28 |    32 |     3 ||    63
       Summon Lightning  |       |     7 |     1 ||     8
       Call Canine Famil |       |     1 |       ||     1
 Stab: Sleeping          |     6 |     3 |       ||     9
       Distracted        |       |     2 |       ||     2
  Eat: Chunk             |     5 |    12 |     1 ||    18
Armor: Robe              |    16 |    12 |     2 ||    30
Dodge: Dodged            |    96 |    80 |     4 ||   180

Table legend:
 A = Non-vault XP
 B = Vault XP
 C = Vault XP percentage of total XP
 D = Non-vault monster count
 E = Vault monster count
 F = Vault count percentage of total count
                 A         B        C        D         E       F
            +---------+---------+-------+---------+---------+-------
      Total |     450 |     291 |  39.3 |      83 |      26 |  23.9
            +---------+---------+-------+---------+---------+-------
        D:1 |      33 |       6 |  15.4 |      24 |       4 |  14.3
        D:2 |      11 |      33 |  75.0 |       7 |      13 |  65.0
        D:3 |      93 |      38 |  29.0 |      30 |       2 |   6.2
        D:4 |     181 |     139 |  43.4 |      16 |       5 |  23.8
        D:5 |     132 |      75 |  36.2 |       6 |       2 |  25.0
            +---------+---------+-------+---------+---------+-------
